 Dungeon Crawl Stone Soup version 0.24-a0-809-g71cb82dfb8 (webtiles) character file.

Game seed: 8111712353398084327, levelgen mode: deterministic

1562 Arixos the Skirmisher (level 8, 0/67 HPs)
             Began as a Mummy Monk on Oct 11, 2019.
             Was a Believer of Wu Jian.
             Slain by an orc wizard
             ... wielding a +0 dagger
              (1 damage)
             ... on level 6 of the Dungeon.
             The game lasted 00:26:47 (6925 turns).

Arixos the Skirmisher (Mummy Monk)                  Turns: 6925, Time: 00:26:49

Health: 0/67       AC: 11    Str: 17    XL:     8   Next: 58%
Magic:  9/9        EV:  8    Int:  9    God:    Wu Jian [**....]
Gold:   298        SH:  0    Dex: 14    Spells: 7/7 levels left

rFire    x . .     SeeInvis .   o - +0 scythe
rCold    + . .     Gourm    .   (shield currently unavailable)
rNeg     + + +     Faith    .   f - +1 chain mail
rPois    ∞         Spirit   .   (no helmet)
rElec    .         Reflect  .   (no cloak)
rCorr    .         Harm     +   (no gloves)
MR       +....                  (no boots)
Stlth    ..........             i - amulet of harm
HPRegen  0.21/turn              (no ring)
MPRegen  0.11/turn              (no ring)

@: slowed, very slow
A: no food or potions, fire vulnerability, cold resistance 1, negative energy
resistance 3, torment resistance, unbreathing
a: Wall Jump, Renounce Religion


You were on level 6 of the Dungeon.
You worshipped Wu Jian.
Wu Jian was pleased with you.
You were not hungry.

You visited 1 branch of the dungeon, and saw 6 of its levels.

You collected 298 gold pieces.

Inventory:

Hand Weapons
 o - a +0 scythe (weapon)
Missiles
 b - 15 boomerangs (quivered)
 d - 6 javelins
 q - 12 poisoned darts
Armour
 f - a +1 chain mail (worn)
Jewellery
 i - an amulet of harm (around neck)
Wands
 n - a wand of iceblast (9)
 p - a wand of flame (18)
Scrolls
 a - 2 scrolls of enchant weapon
 e - a scroll of magic mapping
 g - a scroll of amnesia {unknown}
 h - a scroll of immolation {unknown}
 j - a scroll of teleportation {unknown}
 k - a scroll of fog {unknown}
 l - 6 scrolls of identify
 m - a scroll of enchant armour


   Skills:
 + Level 7.5 Fighting
 + Level 3.8 Polearms
 + Level 5.6 Armour
 - Level 2.4 Dodging
 - Level 1.5 Stealth
 + Level 2.1 Evocations


You had 7 spell levels left.
You didn't know any spells.
Your spell library contained the following spells:

 Spells                   Type           Power        Failure   Level  Hunger
 Animate Skeleton         Necr           N/A          99%         1    N/A
 Pain                     Necr           #...         99%         1    N/A
 Vampiric Draining        Necr           #.........   100%        3    N/A
 Animate Dead             Necr           N/A          100%        4    N/A
 Regeneration             Chrm/Necr      Unusable     N/A         3    N/A

Dungeon Overview and Level Annotations

Branches:
Dungeon (6/15)             Temple (0/1) D:4

Altars:
Gozag
Hepliaklqana
Makhleb
Qazlal
Ru
Sif Muna
Trog
Vehumet
Wu Jian
The Shining One

Annotations:
D:3 2 transporters, Gynju's ghost, amateur DEFE


Innate Abilities, Weirdness & Mutations

You do not eat or drink.
Your flesh is vulnerable to fire.
You are immune to poison.
Your flesh is cold resistant. (rC+)
You are immune to negative energy. (rN+++)
You are immune to unholy pain and torment.
You can survive without breathing.


Message History

a - 2 scrolls of enchant weapon The orc hits you but does no damage.
The orc barely misses you.
As you read the scroll labeled OSUPTA FUUM, it crumbles to dust.
It is a scroll of enchant armour.
Your +0 chain mail glows green for a moment.
The orc wizard points at you and mumbles some strange words.
The magic dart hits you.
* * * LOW HITPOINT WARNING * * *
The orc barely misses you.
As you read the scroll labeled FYAMAUCKEWK, it crumbles to dust.
You feel aware of your surroundings.
It was a scroll of magic mapping.
The orc wizard hits you but does no damage.
The orc hits you but does no damage.
As you read the scroll labeled INIRRA FIFIRRO, it crumbles to dust.
Your bandages flutter.
It was a scroll of random uselessness.
The orc wizard hits you but does no damage.
The orc hits you with a +0 mace.
* * * LOW HITPOINT WARNING * * *
The orc wizard hits you with a +0 dagger.
You die...

....####..........)........#****
....#,,#................o..#
...%#,,#...................#
....+,,#...................#
....#,,#...................#
....####...................#
.............##+#..........#****
.............#..##o##........,,*
.............#..@oo.#........,,*
.............#.o##..#........,,*
....#+########..##..#........,,*
....#............+..#......##***
....#...........##..#......#
....##+######...##..#,,,,,,*
....#..######...##..##****,*
....#................#,,,,,*
....#................#,,,,,*


You could see an orc priest, an orc wizard and 2 orcs.

Vanquished Creatures
  Grinder (D:3)
  Sigmund (D:4)
  Edmund (D:5)
  2 phantoms
  An ogre (D:4)
  A scorpion (D:5)
  The ghost of Execuda the Chopper, a weakling DsGl (D:4)
  2 howler monkeys (D:4)
  A centaur zombie (D:4)
  3 jellies
  A bullfrog zombie (D:5)
  A hound (D:4)
  An orc priest (D:5)
  A bullfrog skeleton (D:6)
  2 orc wizards (D:5)
  Jessica (D:3)
  Ijyb (D:4)
  An iguana (D:4)
  4 worker ants
  8 adders
  A shadow imp (D:5)
  An adder zombie (D:4)
  5 worms
  4 dart slugs
  5 leopard geckos
  14 orcs
  A giant cockroach (D:4)
  5 goblins
  8 hobgoblins
  4 jackals (D:4)
  4 kobolds
  A quokka (D:3)
  A ball python (D:1)
  A ball python zombie (D:5)
  3 bats
  3 frilled lizards
  A giant cockroach zombie (D:5)
  A jackal skeleton (D:4)
  A leopard gecko skeleton (D:5)
  A quokka zombie (D:4)
  10 rats
110 creatures vanquished.

Notes
Turn   | Place    | Note
-------+----------+-------------------------------------------
     0 | D:1      | Arixos the Mummy Monk began the quest for the Orb.
     0 | D:1      | Reached XP level 1. HP: 18/18 MP: 1/1
   347 | D:1      | Reached XP level 2. HP: 22/24 MP: 2/2
   395 | D:1      | Reached skill level 1 in Armour
  1010 | D:2      | Found a glowing golden altar of the Shining One.
  1340 | D:2      | Found a sacrificial altar of Ru.
  1486 | D:2      | Noticed a moth of wrath
  1489 | D:2      | Found a bloodstained altar of Trog.
  1500 | D:2      | Reached XP level 3. HP: 27/29 MP: 3/3
  2200 | D:3      | Noticed Grinder
  2231 | D:3      | Paralysed by Grinder for 4 turns
  2245 | D:3      | Paralysed by Grinder for 3 turns
  2462 | D:3      | Paralysed by Grinder for 3 turns
  2489 | D:3      | Killed Grinder
  2489 | D:3      | Reached skill level 5 in Fighting
  2489 | D:3      | Reached XP level 4. HP: 9/39 MP: 4/4
  2489 | D:3      | Reached XP level 5. HP: 11/44 MP: 5/5
  2777 | D:3      | Noticed Jessica
  2787 | D:3      | Killed Jessica
  2787 | D:3      | Reached XP level 6. HP: 49/51 MP: 6/6
  2789 | D:3      | Found a stormy altar of Qazlal.
  3008 | D:3      | Found a transporter.
  3008 | D:3      | Noticed Gynju's ghost (amateur DEFE)
  3021 | D:3      | Found a transporter.
  3566 | D:4      | Noticed Sigmund
  3755 | D:4      | Noticed Ijyb
  3785 | D:4      | Killed Ijyb
  3898 | D:4      | Reached skill level 6 in Fighting
  3898 | D:4      | Reached XP level 7. HP: 21/58 MP: 7/7
  4135 | D:4      | Found a hazy altar of Hepliaklqana.
  4175 | D:4      | Killed Sigmund
  4327 | D:4      | Found a runed translucent gate.
  4328 | D:4      | Found a runed translucent gate.
  4328 | D:4      | Found a runed translucent gate.
  4329 | D:4      | Noticed Execuda's ghost (weakling DsGl)
  4348 | D:4      | Killed Execuda's ghost
  4582 | D:4      | Found a radiant altar of Vehumet.
  4656 | D:4      | Found a staircase to the Ecumenical Temple.
  4669 | D:4      | Reached skill level 5 in Armour
  4729 | D:4      | Found an opulent altar of Gozag.
  4755 | D:4      | Found a burning altar of Makhleb.
  4867 | D:4      | Reached skill level 7 in Fighting
  5047 | D:4      | Reached XP level 8. HP: 7/67 MP: 8/8
  5440 | D:5      | Entered Level 5 of the Dungeon
  5440 | D:5      | Found a shimmering blue altar of Sif Muna.
  5481 | D:5      | Found an ornate altar of the Wu Jian Council.
  5487 | D:5      | Became a worshipper of the Wu Jian Council
  5487 | D:5      | Reached * piety under Wu Jian
  5487 | D:5      | Reached ** piety under Wu Jian
  5689 | D:5      | Reached skill level 1 in Evocations
  6229 | D:5      | Found a shimmering blue altar of Sif Muna.
  6353 | D:5      | Noticed Edmund
  6363 | D:5      | Killed Edmund
  6923 | D:6      | HP: 2/67 [orc wizard/magic dart (7)]
  6925 | D:6      | Slain by an orc wizard

Levels and vault maps discovered:
D:1:      minmay_arrival_split_and_join, layout_basic, minmay_strange_pillars
D:2:      layout_rooms, tgw_trog, nicolae_ru_the_path_less_chosen, first_ration,
          tso_metal_star
D:3:      layout_basic, lemuel_crystal_altar, gammafunk_ghost_mausoleum,
          glass_columns_a, uniq_jessica, uniq_grinder
D:4:      kb_forest_paths, layout_basic, grunt_gozag_breadcrumbs,
          vehumet_altar_wand_db, bloody_makhleb, nicolae_overflow_crystal_walls,
          gammafunk_ghost_necromancy, st_stairs_5,
          chequers_serial_rivers_small_a, uniq_ijyb, uniq_sigmund
D:5:      layout_basic, tgw_sif, lemuel_round_altar, basic_altar, uniq_edmund
D:6:      layout_gridville, kennysheep_nondescript, uniq_blork_the_orc

Skill      XL: |  1  2  3  4  5  6  7  8 |
---------------+-------------------------+-----
Armour         | 1 3 4 5 |  5.6
Fighting       | 5 6 7 |  7.5
Polearms       | 3 |  3.8
Evocations     | 2 |  2.1
Dodging        | |  2.4
Stealth        | |  1.5

Action                   |  1- 3 |  4- 6 |  7- 9 || total
-------------------------+-------+-------+-------++-------
Melee: Spear             |   186 |   198 |    27 ||   411
       Scythe            |       |       |   191 ||   191
Throw: Boomerang         |    17 |    12 |       ||    29
Invok: Lunge             |       |       |     4 ||     4
       Whirlwind         |       |       |     3 ||     3
 Abil: Wall Jump         |       |       |     7 ||     7
Evoke: Wand              |       |     1 |     3 ||     4
  Use: Scroll            |       |       |     4 ||     4
 Stab: Sleeping          |     1 |       |       ||     1
Armor: Ring mail         |     7 |       |       ||     7
       Robe              |     1 |       |       ||     1
       Chain mail        |    49 |    78 |   169 ||   296
Dodge: Dodged            |    50 |    60 |   128 ||   238

Table legend:
 A = Non-vault XP
 B = Vault XP
 C = Vault XP percentage of total XP
 D = Non-vault monster count
 E = Vault monster count
 F = Vault count percentage of total count
                 A         B        C        D         E       F
            +---------+---------+-------+---------+---------+-------
      Total |    1198 |    1034 |  46.3 |      90 |      20 |  18.2
            +---------+---------+-------+---------+---------+-------
        D:1 |      34 |       0 |   0.0 |      20 |       0 |   0.0
        D:2 |       5 |      17 |  77.3 |       4 |       5 |  55.6
        D:3 |     212 |     318 |  60.0 |      20 |       2 |   9.1
        D:4 |     307 |     542 |  63.8 |      19 |      12 |  38.7
        D:5 |     541 |     157 |  22.5 |      22 |       1 |   4.3
        D:6 |      99 |       0 |   0.0 |       5 |       0 |   0.0
            +---------+---------+-------+---------+---------+-------
